 Dungeon Crawl Stone Soup version 0.18.1-47-g9310371 (webtiles) character file.

182 KrisztiCat the Digger (level 5, -2/28 HPs)
             Began as a Gargoyle Earth Elementalist on June 17, 2016.
             Slain by Pikel
             ... wielding a +0 whip of flaming
              (4 damage)
             ... on level 4 of the Dungeon.
             The game lasted 00:15:17 (2750 turns).

KrisztiCat the Digger (Gargoyle Earth Elementalist) Turns: 2750, Time: 00:15:18

Health: -2/28      AC:  7    Str: 11    XL:     5   Next: 61%
Magic:  1/11       EV: 12    Int: 17    God:
Gold:   106        SH:  0    Dex: 10    Spells: 1 memorised, 11 levels left

rFire  . . .     SeeInvis .     b - 93 stones
rCold  . . .     Gourm    .     a - +0 robe
rNeg   + . .     Faith    .     (no shield)
rPois  ∞         Spirit   .     j - +0 helmet
rElec  +         Dismiss  .     (no cloak)
rCorr  .         Reflect  .     (no gloves)
SustAt .         Harm     .     (no boots)
MR     .....                    (no amulet)
Stlth  ++........               (no ring)
                                (no ring)

@: not resistant to hostile enchantments, unstealthy
A: negative energy resistance 1, electricity resistance, unbreathing,
petrification resistance, rot immunity, AC +4
a: no special abilities


You were on level 4 of the Dungeon.
You were hungry.

You visited 1 branch of the dungeon, and saw 4 of its levels.

You collected 106 gold pieces.

Inventory:

Hand Weapons
 e - a +0 whip
Missiles
 b - 93 stones (in hand)
Armour
 a - a +0 robe (worn)
 j - a +0 helmet (worn)
 s - a +0 buckler
Scrolls
 f - a scroll of enchant armour {unknown}
 h - a scroll of magic mapping {unknown}
 k - a scroll of immolation {unknown}
 l - 2 scrolls of remove curse {unknown}
 m - a scroll of amnesia {unknown}
 p - a scroll of enchant weapon {unknown}
 q - a scroll of identify {unknown}
 r - a scroll of fog {unknown}
 t - a scroll of random uselessness {unknown}
Potions
 g - a potion of invisibility {unknown}
 i - 2 potions of heal wounds {unknown}
 o - a potion of magic {unknown}
Books
 c - a book of Geomancy

   Spells                             Type                      Level
   a - Sandblast                      Earth                        1
   b - Passwall                       Transmutation/Earth          2
   c - Stone Arrow                    Conjuration/Earth            3
   d - Petrify                        Transmutation/Earth          4
   e - Lee's Rapid Deconstruction     Earth                        5
Comestibles
 d - a bread ration
 n - 2 meat rations


   Skills:
 - Level 1.5 Dodging
 - Level 2.1 Stealth
 * Level 4.2 Spellcasting
   Level 0.7 Transmutations
 + Level 5.3 Earth Magic


You had 11 spell levels left.
You knew the following spells:

 Your Spells              Type           Power        Failure   Level  Hunger
a - Sandblast             Erth           ###...       1%          1    None


Dungeon Overview and Level Annotations

Branches:
Dungeon (4/15)
 Temple: D:4-7

Altars:
Dithmenos
Okawaru
Sif Muna

Shops:
D:4 [?

Annotations:
D:3 Turgon's ghost, weakling DsSk
D:4 Pikel


Innate Abilities, Weirdness & Mutations

You are resistant to torment.
Your stone body is resilient (AC +4).
You are immune to poison.
You resist negative energy.
You are resistant to electric shocks.
You can survive without breathing.
You are immune to petrification.
You are immune to rotting.


Message History

You kill the scorpion!
Your Spellcasting skill increases to level 4!
Casting: Sandblast
Confirm with . or Enter, or press ? or * to list all spells.
Aiming: Sandblast
Press: ? - help, Shift-Dir - straight line, f - Pikel
Aim: Pikel, wielding a whip of flaming and wearing a robe The rocky blast misses Pikel.
The slave barely misses you. Pikel hits you with a whip of flaming.
Pikel burns you.
Casting: Sandblast
Confirm with . or Enter, or press ? or * to list all spells.
Aiming: Sandblast
Press: ? - help, Shift-Dir - straight line, f/p - Pikel
Aim: Pikel, wielding a whip of flaming and wearing a robe The rocky blast hits Pikel.
Pikel is lightly wounded.
The slave hits you!
* * * LOW HITPOINT WARNING * * *
Pikel hits you with a whip of flaming.
You die...

..........#.### #.####%.
#....∩......<.###.##....
#.#.......#.#∩<##..#....
#.........#.>........###
#....?....###.#....#
#........####.#....#
##...p...#.(s...###..#
#.##p#!...##.#.# ... #.
#@#.##........ .## #
#.K....######..##.
.......... ..#._
...#....##. .##
...#....# ## .#
#####....# #....# ....#


You could see Pikel and 2 slaves.

Vanquished Creatures
  A scorpion (D:4)
  A worker ant (D:4)
  6 adders
  An ooze (D:3)
  A worm (D:2)
  7 giant geckos
  4 bats
  3 giant cockroaches (D:3)
  2 goblins
  6 hobgoblins
  3 kobolds
  2 quokkas (D:3)
  A giant newt (D:1)
  9 rats
47 creatures vanquished.

Notes
Turn   | Place    | Note
--------------------------------------------------------------
     0 | D:1      | KrisztiCat the Gargoyle Earth Elementalist began the quest for the Orb.
     0 | D:1      | Reached XP level 1. HP: 10/10 MP: 3/3
   322 | D:1      | Reached skill level 4 in Earth Magic
   322 | D:1      | Reached XP level 2. HP: 11/15 MP: 3/5
   867 | D:1      | Reached XP level 3. HP: 3/19 MP: 1/7
  1145 | D:2      | Found a deep blue altar of Sif Muna.
  1381 | D:2      | Reached XP level 4. HP: 22/24 MP: 1/8
  1458 | D:2      | Found an iron altar of Okawaru.
  1735 | D:4      | Found Omibrok's Magic Scroll Emporium.
  1742 | D:4      | Noticed Pikel
  1742 | D:4      | Noticed a slave
  1742 | D:4      | Noticed a slave
  1742 | D:4      | Noticed a slave
  1918 | D:3      | Found a faded altar to an unknown god.
  1936 | D:3      | Noticed Turgon's ghost (weakling DsSk)
  2706 | D:4      | Reached skill level 5 in Earth Magic
  2706 | D:4      | Reached XP level 5. HP: 24/28 MP: 4/10
  2725 | D:4      | Found a shadowy altar of Dithmenos.
  2733 | D:4      | Found Beangael's Armour Boutique.
  2750 | D:4      | Slain by Pikel

Skill      XL: |  1  2  3  4  5 |
---------------+----------------+-----
Earth Magic    | 4 5 |  5.3
Spellcasting   | 3 4 |  4.2
Dodging        | |  1.5
Stealth        | |  2.1
Transmutations | |  0.7

Action                   |  1- 3 |  4- 6 || total
-------------------------+-------+-------++-------
Melee: Whip              |    29 |    23 ||    52
 Cast: Sandblast         |    54 |    66 ||   120
  Eat: Chunk             |     2 |     2 ||     4
       Beef jerky        |       |     1 ||     1
Armor: Robe              |    16 |    20 ||    36
Dodge: Dodged            |    39 |    38 ||    77
